[ AOE2 MATCH · #483097752 ]
Team RMFranks vs Slavs
[ REPLAY ANALYSIS · EXTRACTED FROM THE RECORDED GAME ]
Feudal
10:01
Castle
21:46
Imperial
—
| APM avg | 70.3 |
| APM peak | 126 |
| eAPM avg | 28.0 |
| Villagers / military | 160 / 54 |
Focus
⚔️ 30.6% · 🌾 69.4%
Knight ×29 · Scout Cavalry ×20 · Monk ×3 · Militia ×1 · Spearman ×1
Feudal
9:38
Castle
19:45
Imperial
—
| APM avg | 33.4 |
| APM peak | 64 |
| eAPM avg | 15.2 |
| Villagers / military | 79 / 73 |
Focus
⚔️ 36.8% · 🌾 63.2%
Militia ×38 · Spearman ×24 · Battering Ram ×8 · Scout Cavalry ×3
Feudal
9:16
Castle
24:40
Imperial
—
| APM avg | 56.0 |
| APM peak | 120 |
| eAPM avg | 15.7 |
| Villagers / military | 80 / 83 |
Focus
⚔️ 39.5% · 🌾 60.5%
Archer ×81 · Battering Ram ×2
Feudal
9:11
Castle
—
Imperial
—
| APM avg | 21.0 |
| APM peak | 41 |
| eAPM avg | 12.7 |
| Villagers / military | 61 / 68 |
Focus
⚔️ 35.8% · 🌾 64.2%
Skirmisher ×51 · Spearman ×17
Match map
Initial resources + every placement click. Lines = walls · curves = elevation contours. ◆ gold · ⬟ stone · ● berries · ✦ relic · ◌ wall gap
Your base· Open — unwalled flank
Skresh's base· Open — unwalled flank
Rubenbauer's base· Open — unwalled flank
Rhamen's base· Open — unwalled flank
Smoothed initial terrain · ◌ = detected wall gap · hover for details
Inputs per minute
— flo_aoe2 - - Skresh
Build order — flo_aoe2
First 150 of 321 actions detected
| 0:01 | Create | Villager (Male) |
| 0:02 | Build | House |
| 0:04 | Build | House |
| 0:11 | Create | Villager (Male) |
| 0:17 | Create | Villager (Male) |
| 0:19 | Create | Villager (Male) |
| 1:25 | Create | Villager (Male) |
| 1:33 | Build | Mill |
| 2:00 | Create | Villager (Male) |
| 2:36 | Create | Villager (Male) |
| 3:09 | Create | Villager (Male) |
| 3:33 | Build | Lumber Camp |
| 3:33 | Create | Villager (Male) |
| 3:46 | Create | Villager (Male) |
| 3:47 | Create | Villager (Male) |
| 4:18 | Create | Villager (Male) |
| 4:22 | Create | Villager (Male) |
| 4:30 | Build | House |
| 5:12 | Create | Villager (Male) |
| 5:12 | Create | Villager (Male) |
| 5:14 | Create | Villager (Male) |
| 5:42 | Create | Villager (Male) |
| 5:45 | Build | Palisade Wall |
| 5:57 | Build | House |
| 6:31 | Build | Palisade Wall |
| 6:38 | Research | Loom |
| 6:49 | Build | Palisade Wall |
| 7:13 | Build | Palisade Wall |
| 7:20 | Build | Mill |
| 7:23 | Create | Villager (Male) |
| 7:52 | Research | Feudal Age |
| 8:05 | Build | House |
| 9:26 | Build | Barracks |
| 9:34 | Create | Villager (Male) |
| 10:01 | Age | Feudal Age |
| 10:05 | Create | Villager (Male) |
| 10:12 | Build | Stable |
| 10:13 | Create | Villager (Male) |
| 10:18 | Create | Villager (Male) |
| 10:46 | Build | House |
| 10:47 | Build | House |
| 10:48 | Build | House |
| 11:07 | Create | Scout Cavalry |
| 11:12 | Build | Farm |
| 11:14 | Build | House |
| 11:25 | Create | Scout Cavalry |
| 11:25 | Create | Scout Cavalry |
| 11:27 | Build | Farm |
| 11:28 | Create | Villager (Male) |
| 11:28 | Create | Villager (Male) |
| 11:30 | Create | Villager (Male) |
| 11:36 | Research | Double-Bit Axe |
| 11:38 | Create | Militia |
| 11:51 | Build | House |
| 11:52 | Create | Villager (Male) |
| 11:59 | Create | Villager (Male) |
| 12:02 | Build | House |
| 12:17 | Create | Scout Cavalry |
| 12:17 | Create | Villager (Male) |
| 12:26 | Create | Villager (Male) |
| 12:42 | Build | Farm |
| 12:48 | Create | Villager (Male) |
| 12:59 | Create | Scout Cavalry |
| 13:00 | Create | Scout Cavalry |
| 13:10 | Create | Villager (Male) |
| 13:14 | Create | Villager (Male) |
| 13:18 | Build | Farm |
| 13:19 | Build | Farm |
| 13:40 | Create | Villager (Male) |
| 13:43 | Build | Farm |
| 13:43 | Create | Villager (Male) |
| 13:47 | Build | Farm |
| 13:53 | Create | Scout Cavalry |
| 13:54 | Create | Villager (Male) |
| 14:01 | Build | Mining Camp |
| 14:03 | Create | Villager (Male) |
| 14:16 | Create | Villager (Male) |
| 14:24 | Create | Villager (Male) |
| 14:27 | Create | Scout Cavalry |
| 14:29 | Build | Farm |
| 14:29 | Build | Farm |
| 14:30 | Create | Villager (Male) |
| 14:48 | Create | Villager (Male) |
| 15:05 | Create | Spearman |
| 15:12 | Create | Villager (Male) |
| 15:19 | Create | Villager (Male) |
| 15:30 | Create | Scout Cavalry |
| 15:42 | Build | Farm |
| 15:42 | Create | Villager (Male) |
| 15:58 | Build | Farm |
| 15:59 | Create | Villager (Male) |
| 16:03 | Create | Villager (Male) |
| 16:14 | Create | Villager (Male) |
| 16:15 | Create | Villager (Male) |
| 16:16 | Build | Mill |
| 16:17 | Build | Farm |
| 16:17 | Build | Farm |
| 16:17 | Build | Farm |
| 16:18 | Build | Farm |
| 16:18 | Build | Farm |
| 16:29 | Create | Villager (Male) |
| 16:45 | Research | Wheelbarrow |
| 16:47 | Build | Farm |
| 16:47 | Build | Farm |
| 16:49 | Create | Villager (Male) |
| 16:58 | Create | Villager (Male) |
| 17:22 | Build | Farm |
| 17:42 | Create | Villager (Male) |
| 17:49 | Create | Villager (Male) |
| 18:14 | Build | Farm |
| 18:15 | Build | Farm |
| 18:24 | Create | Villager (Male) |
| 18:27 | Build | Farm |
| 18:39 | Build | Blacksmith |
| 18:47 | Build | Farm |
| 18:51 | Build | Farm |
| 19:06 | Research | Castle Age |
| 19:25 | Research | Scale Barding Armor |
| 19:39 | Create | Villager (Male) |
| 20:59 | Create | Villager (Male) |
| 21:17 | Create | Villager (Male) |
| 21:30 | Create | Villager (Male) |
| 21:31 | Create | Villager (Male) |
| 21:46 | Age | Castle Age |
| 21:50 | Research | Light Cavalry (upgrade) |
| 22:05 | Create | Villager (Male) |
| 22:05 | Create | Villager (Male) |
| 22:07 | Create | Villager (Male) |
| 22:07 | Create | Villager (Male) |
| 22:08 | Create | Villager (Male) |
| 22:08 | Create | Villager (Male) |
| 22:11 | Build | Town Center |
| 22:27 | Build | Farm |
| 22:42 | Create | Scout Cavalry |
| 22:42 | Create | Scout Cavalry |
| 22:42 | Create | Scout Cavalry |
| 22:50 | Create | Villager (Male) |
| 22:51 | Create | Villager (Male) |
| 22:56 | Create | Scout Cavalry |
| 22:57 | Create | Scout Cavalry |
| 22:57 | Create | Villager (Male) |
| 23:00 | Build | Stable |
| 23:04 | Create | Villager (Male) |
| 23:04 | Create | Villager (Male) |
| 23:10 | Research | Chain Barding Armor |
| 23:10 | Research | Forging |
| 23:10 | Create | Villager (Male) |
| 23:11 | Create | Villager (Male) |
| 23:19 | Build | Farm |
| 23:19 | Build | Farm |
Build order — Skresh
First 150 of 225 actions detected
| 0:00 | Create | Villager (Male) |
| 0:01 | Create | Villager (Male) |
| 0:01 | Create | Villager (Male) |
| 0:01 | Create | Villager (Male) |
| 0:02 | Build | House |
| 0:04 | Build | House |
| 1:32 | Create | Villager (Male) |
| 2:02 | Create | Villager (Male) |
| 2:12 | Build | Lumber Camp |
| 2:16 | Build | Lumber Camp |
| 2:28 | Create | Villager (Male) |
| 2:57 | Create | Villager (Male) |
| 3:27 | Create | Villager (Male) |
| 3:45 | Create | Villager (Male) |
| 3:45 | Create | Villager (Male) |
| 4:05 | Build | Mill |
| 4:36 | Create | Villager (Male) |
| 4:46 | Research | Loom |
| 4:48 | Build | House |
| 4:53 | Create | Villager (Male) |
| 5:35 | Create | Villager (Male) |
| 5:36 | Create | Villager (Male) |
| 6:11 | Build | House |
| 6:15 | Build | Palisade Wall |
| 6:25 | Create | Villager (Male) |
| 6:25 | Create | Villager (Male) |
| 7:28 | Research | Feudal Age |
| 7:37 | Build | Lumber Camp |
| 9:04 | Create | Villager (Male) |
| 9:05 | Create | Villager (Male) |
| 9:36 | Build | Barracks |
| 9:38 | Age | Feudal Age |
| 9:43 | Research | Double-Bit Axe |
| 9:43 | Research | Horse Collar |
| 9:52 | Build | Farm |
| 9:55 | Build | Farm |
| 9:58 | Build | Farm |
| 10:09 | Build | Farm |
| 10:34 | Build | Farm |
| 10:35 | Create | Villager (Male) |
| 10:35 | Create | Villager (Male) |
| 11:01 | Build | Stable |
| 11:06 | Build | House |
| 11:16 | Build | House |
| 11:21 | Build | House |
| 11:22 | Build | Palisade Wall |
| 11:26 | Build | Palisade Wall |
| 11:36 | Create | Villager (Male) |
| 11:36 | Create | Villager (Male) |
| 11:50 | Build | Farm |
| 11:52 | Build | Farm |
| 12:05 | Create | Scout Cavalry |
| 12:05 | Create | Scout Cavalry |
| 12:40 | Create | Villager (Male) |
| 12:40 | Create | Villager (Male) |
| 12:44 | Create | Scout Cavalry |
| 12:47 | Build | Blacksmith |
| 13:29 | Create | Villager (Male) |
| 13:30 | Create | Villager (Male) |
| 13:33 | Build | Mining Camp |
| 13:40 | Build | Mining Camp |
| 13:58 | Create | Villager (Male) |
| 13:59 | Create | Villager (Male) |
| 14:05 | Build | Farm |
| 14:10 | Build | Farm |
| 14:12 | Build | Farm |
| 14:17 | Research | Wheelbarrow |
| 15:08 | Create | Villager (Male) |
| 15:09 | Create | Villager (Male) |
| 15:12 | Build | Farm |
| 15:15 | Build | Farm |
| 15:23 | Build | Farm |
| 16:14 | Create | Villager (Male) |
| 16:24 | Build | House |
| 17:05 | Research | Castle Age |
| 17:15 | Build | Barracks |
| 17:18 | Build | Barracks |
| 17:28 | Build | Barracks |
| 17:45 | Research | Scale Mail Armor |
| 18:09 | Build | Farm |
| 18:14 | Build | Farm |
| 18:18 | Build | Farm |
| 18:27 | Create | Militia |
| 18:45 | Create | Militia |
| 18:49 | Create | Villager (Male) |
| 18:50 | Create | Villager (Male) |
| 18:55 | Build | Farm |
| 19:19 | Build | Farm |
| 19:24 | Build | Farm |
| 19:31 | Research | Gold Mining |
| 19:38 | Research | Man-at-Arms (upgrade) |
| 19:43 | Research | Forging |
| 19:45 | Age | Castle Age |
| 19:49 | Create | Militia |
| 19:50 | Research | Squires |
| 20:08 | Build | Town Center |
| 20:36 | Create | Villager (Male) |
| 20:37 | Create | Villager (Male) |
| 20:39 | Create | Militia |
| 20:39 | Create | Militia |
| 21:31 | Create | Spearman |
| 21:31 | Create | Spearman |
| 21:33 | Create | Villager (Male) |
| 21:33 | Create | Villager (Male) |
| 21:36 | Create | Villager (Male) |
| 21:36 | Create | Villager (Male) |
| 21:55 | Build | Farm |
| 21:58 | Build | Farm |
| 22:05 | Create | Militia |
| 22:07 | Create | Spearman |
| 22:07 | Create | Militia |
| 22:16 | Build | Palisade Wall |
| 22:19 | Build | House |
| 22:24 | Build | Palisade Wall |
| 22:36 | Create | Villager (Male) |
| 22:36 | Create | Villager (Male) |
| 22:41 | Create | Militia |
| 22:44 | Research | Long Swordsman (upgrade) |
| 22:55 | Build | Farm |
| 23:17 | Create | Villager (Male) |
| 23:17 | Create | Villager (Male) |
| 23:17 | Create | Villager (Male) |
| 23:43 | Build | Farm |
| 24:04 | Create | Militia |
| 24:04 | Create | Militia |
| 24:05 | Create | Militia |
| 24:05 | Create | Militia |
| 24:05 | Create | Militia |
| 24:17 | Research | Chain Mail Armor |
| 24:37 | Create | Villager (Male) |
| 24:37 | Create | Villager (Male) |
| 24:38 | Create | Villager (Male) |
| 24:51 | Create | Militia |
| 24:53 | Create | Villager (Male) |
| 25:27 | Create | Villager (Male) |
| 25:27 | Create | Villager (Male) |
| 25:27 | Create | Villager (Male) |
| 25:32 | Build | Siege Workshop |
| 25:36 | Create | Militia |
| 25:37 | Create | Militia |
| 25:37 | Create | Militia |
| 25:57 | Create | Villager (Male) |
| 25:58 | Create | Villager (Male) |
| 25:58 | Create | Villager (Male) |
| 26:10 | Build | Farm |
| 26:33 | Create | Militia |
| 26:34 | Create | Militia |
| 26:34 | Create | Militia |
| 26:34 | Create | Militia |
| 26:36 | Create | Villager (Male) |
Build order — Rubenbauer
First 150 of 240 actions detected
| 0:01 | Create | Villager (Male) |
| 0:02 | Create | Villager (Male) |
| 0:02 | Create | Villager (Male) |
| 0:03 | Build | House |
| 0:04 | Build | House |
| 0:23 | Create | Villager (Male) |
| 1:25 | Create | Villager (Male) |
| 1:56 | Create | Villager (Male) |
| 1:57 | Create | Villager (Male) |
| 2:23 | Build | Lumber Camp |
| 2:24 | Create | Villager (Male) |
| 2:51 | Create | Villager (Male) |
| 3:22 | Create | Villager (Male) |
| 3:43 | Create | Villager (Male) |
| 3:43 | Create | Villager (Male) |
| 3:55 | Build | House |
| 4:06 | Create | Villager (Male) |
| 4:54 | Create | Villager (Male) |
| 4:54 | Create | Villager (Male) |
| 5:05 | Build | Mill |
| 5:44 | Create | Villager (Male) |
| 6:35 | Research | Loom |
| 6:38 | Create | Villager (Male) |
| 7:04 | Research | Feudal Age |
| 7:32 | Build | Mining Camp |
| 7:39 | Create | Villager (Male) |
| 7:40 | Create | Villager (Male) |
| 8:24 | Build | Barracks |
| 8:49 | Build | Palisade Gate |
| 9:10 | Build | House |
| 9:11 | Build | House |
| 9:16 | Age | Feudal Age |
| 9:24 | Research | Wheelbarrow |
| 9:24 | Create | Villager (Male) |
| 9:49 | Create | Villager (Male) |
| 9:49 | Create | Villager (Male) |
| 9:56 | Build | Archery Range |
| 10:33 | Build | Archery Range |
| 10:48 | Build | Palisade Wall |
| 10:51 | Create | Villager (Male) |
| 10:52 | Create | Villager (Male) |
| 10:54 | Create | Archer |
| 10:56 | Build | House |
| 11:26 | Build | Mill |
| 11:36 | Create | Archer |
| 11:56 | Build | Palisade Gate |
| 11:59 | Build | Palisade Wall |
| 12:06 | Create | Archer |
| 12:06 | Create | Archer |
| 12:07 | Create | Villager (Male) |
| 12:07 | Create | Villager (Male) |
| 12:16 | Build | Blacksmith |
| 12:24 | Create | Villager (Male) |
| 12:25 | Create | Archer |
| 12:53 | Create | Villager (Male) |
| 13:16 | Build | House |
| 13:18 | Build | House |
| 13:19 | Build | House |
| 14:02 | Build | Farm |
| 14:03 | Build | Farm |
| 14:03 | Build | Farm |
| 14:03 | Build | Farm |
| 14:04 | Build | Farm |
| 14:13 | Create | Archer |
| 14:13 | Create | Archer |
| 14:15 | Research | Fletching |
| 15:01 | Create | Villager (Male) |
| 15:02 | Create | Villager (Male) |
| 15:35 | Create | Archer |
| 15:36 | Create | Archer |
| 15:36 | Create | Archer |
| 15:44 | Create | Villager (Male) |
| 15:45 | Create | Villager (Male) |
| 16:06 | Create | Archer |
| 16:06 | Create | Archer |
| 16:06 | Create | Archer |
| 16:30 | Create | Archer |
| 16:30 | Create | Archer |
| 16:37 | Create | Villager (Male) |
| 16:37 | Create | Villager (Male) |
| 16:48 | Build | Farm |
| 16:48 | Build | Farm |
| 16:48 | Build | Farm |
| 16:49 | Build | Farm |
| 17:56 | Create | Archer |
| 17:56 | Create | Archer |
| 17:56 | Create | Archer |
| 17:57 | Create | Villager (Male) |
| 17:57 | Create | Villager (Male) |
| 17:57 | Create | Villager (Male) |
| 17:57 | Create | Villager (Male) |
| 18:21 | Create | Villager (Male) |
| 18:21 | Create | Villager (Male) |
| 18:26 | Create | Archer |
| 18:27 | Create | Archer |
| 18:34 | Build | House |
| 18:35 | Build | House |
| 18:35 | Build | House |
| 18:37 | Build | House |
| 18:38 | Create | Villager (Male) |
| 18:38 | Create | Villager (Male) |
| 18:53 | Create | Archer |
| 18:53 | Create | Archer |
| 19:58 | Create | Archer |
| 19:58 | Create | Archer |
| 20:03 | Build | Farm |
| 20:03 | Build | Farm |
| 20:03 | Build | Farm |
| 20:04 | Build | Farm |
| 20:05 | Build | Farm |
| 20:05 | Build | Farm |
| 20:05 | Build | Farm |
| 20:10 | Research | Horse Collar |
| 21:19 | Create | Archer |
| 21:19 | Create | Archer |
| 21:20 | Create | Archer |
| 21:21 | Create | Villager (Male) |
| 21:21 | Create | Villager (Male) |
| 21:34 | Create | Villager (Male) |
| 21:41 | Research | Castle Age |
| 22:02 | Create | Archer |
| 22:02 | Create | Archer |
| 22:07 | Research | Padded Archer Armor |
| 22:38 | Create | Archer |
| 22:38 | Create | Archer |
| 22:47 | Build | Mining Camp |
| 24:23 | Create | Villager (Male) |
| 24:24 | Create | Villager (Male) |
| 24:37 | Build | House |
| 24:38 | Build | House |
| 24:40 | Age | Castle Age |
| 25:07 | Research | Bodkin Arrow |
| 25:08 | Research | Crossbowman (upgrade) |
| 26:06 | Create | Archer |
| 26:06 | Create | Archer |
| 26:06 | Create | Archer |
| 26:07 | Create | Archer |
| 26:07 | Create | Archer |
| 26:07 | Create | Villager (Male) |
| 26:08 | Create | Villager (Male) |
| 26:08 | Create | Villager (Male) |
| 26:08 | Create | Villager (Male) |
| 26:16 | Build | Town Center |
| 26:23 | Build | University |
| 26:26 | Create | Archer |
| 26:27 | Create | Archer |
| 26:27 | Create | Archer |
| 26:30 | Build | Archery Range |
| 26:32 | Research | Leather Archer Armor |
| 26:37 | Create | Archer |
Build order — Rhamen
First 150 of 163 actions detected
| 0:02 | Create | Villager (Male) |
| 0:02 | Build | House |
| 0:04 | Build | House |
| 0:28 | Create | Villager (Male) |
| 0:28 | Create | Villager (Male) |
| 0:35 | Create | Villager (Male) |
| 1:42 | Create | Villager (Male) |
| 1:56 | Build | Lumber Camp |
| 2:00 | Create | Villager (Male) |
| 2:34 | Create | Villager (Male) |
| 3:07 | Create | Villager (Male) |
| 3:07 | Create | Villager (Male) |
| 3:38 | Build | House |
| 3:56 | Create | Villager (Male) |
| 3:56 | Create | Villager (Male) |
| 4:19 | Build | House |
| 4:52 | Create | Villager (Male) |
| 5:18 | Create | Villager (Male) |
| 5:40 | Create | Villager (Male) |
| 5:55 | Build | Mill |
| 6:13 | Research | Loom |
| 7:01 | Research | Feudal Age |
| 7:47 | Create | Villager (Male) |
| 7:47 | Create | Villager (Male) |
| 8:28 | Build | Barracks |
| 9:07 | Build | House |
| 9:11 | Age | Feudal Age |
| 9:39 | Create | Spearman |
| 9:39 | Create | Spearman |
| 9:47 | Research | Horse Collar |
| 9:49 | Research | Double-Bit Axe |
| 10:05 | Create | Villager (Male) |
| 10:17 | Create | Spearman |
| 10:38 | Create | Villager (Male) |
| 10:57 | Build | Palisade Wall |
| 11:12 | Create | Villager (Male) |
| 11:19 | Build | Farm |
| 11:23 | Build | Farm |
| 11:23 | Build | Farm |
| 11:28 | Build | Farm |
| 11:29 | Build | Farm |
| 11:35 | Build | Farm |
| 11:37 | Build | House |
| 11:39 | Create | Villager (Male) |
| 11:39 | Create | Villager (Male) |
| 12:07 | Create | Villager (Male) |
| 12:26 | Build | Archery Range |
| 12:35 | Build | Farm |
| 12:50 | Build | Farm |
| 12:56 | Build | Farm |
| 12:58 | Create | Villager (Male) |
| 13:00 | Create | Villager (Male) |
| 13:03 | Create | Spearman |
| 13:22 | Create | Skirmisher |
| 13:22 | Create | Skirmisher |
| 13:32 | Build | Farm |
| 13:42 | Create | Skirmisher |
| 13:51 | Create | Villager (Male) |
| 13:51 | Create | Villager (Male) |
| 13:54 | Create | Skirmisher |
| 14:15 | Build | Farm |
| 14:20 | Create | Villager (Male) |
| 14:24 | Create | Spearman |
| 14:24 | Create | Spearman |
| 15:35 | Create | Spearman |
| 15:36 | Create | Spearman |
| 15:39 | Create | Skirmisher |
| 15:44 | Create | Villager (Male) |
| 15:44 | Create | Villager (Male) |
| 16:01 | Build | Town Center |
| 16:16 | Create | Skirmisher |
| 16:17 | Create | Villager (Male) |
| 16:20 | Create | Spearman |
| 16:20 | Create | Spearman |
| 16:32 | Build | Barracks |
| 16:40 | Build | Farm |
| 16:48 | Build | Palisade Wall |
| 16:54 | Build | Palisade Wall |
| 17:02 | Create | Spearman |
| 17:03 | Create | Spearman |
| 17:25 | Build | Palisade Wall |
| 17:28 | Build | Palisade Wall |
| 17:35 | Create | Villager (Male) |
| 17:35 | Create | Villager (Male) |
| 17:43 | Build | House |
| 17:47 | Build | Farm |
| 17:58 | Create | Skirmisher |
| 17:58 | Create | Skirmisher |
| 18:11 | Create | Villager (Male) |
| 18:11 | Create | Villager (Male) |
| 18:12 | Create | Villager (Male) |
| 18:33 | Build | Blacksmith |
| 18:49 | Create | Spearman |
| 19:01 | Create | Villager (Male) |
| 19:07 | Build | Farm |
| 19:34 | Create | Skirmisher |
| 19:34 | Create | Skirmisher |
| 19:55 | Build | Farm |
| 20:06 | Create | Villager (Male) |
| 20:07 | Create | Villager (Male) |
| 20:07 | Create | Villager (Male) |
| 20:30 | Build | Archery Range |
| 20:39 | Build | Outpost |
| 20:46 | Create | Villager (Male) |
| 20:47 | Create | Villager (Male) |
| 20:50 | Build | Farm |
| 21:04 | Build | Farm |
| 21:15 | Build | Market |
| 21:45 | Research | Fletching |
| 21:49 | Create | Villager (Male) |
| 21:49 | Create | Villager (Male) |
| 21:50 | Create | Villager (Male) |
| 21:57 | Build | Farm |
| 21:58 | Build | Farm |
| 22:17 | Create | Skirmisher ×5 |
| 22:40 | Create | Skirmisher |
| 22:41 | Create | Skirmisher |
| 22:43 | Create | Villager (Male) |
| 23:06 | Build | Watch Tower |
| 23:36 | Create | Skirmisher |
| 23:37 | Create | Skirmisher |
| 23:38 | Create | Skirmisher |
| 23:38 | Create | Skirmisher |
| 23:52 | Build | Palisade Wall |
| 23:56 | Build | Palisade Wall |
| 24:11 | Build | Watch Tower |
| 24:36 | Create | Villager (Male) |
| 24:37 | Create | Villager (Male) |
| 25:01 | Create | Skirmisher ×5 |
| 25:34 | Create | Villager (Male) |
| 25:34 | Create | Villager (Male) |
| 25:36 | Create | Villager (Male) |
| 25:36 | Create | Villager (Male) |
| 25:48 | Build | Farm |
| 25:48 | Build | Farm |
| 26:25 | Create | Skirmisher ×5 |
| 26:25 | Create | Skirmisher ×5 |
| 26:36 | Build | Farm |
| 27:18 | Research | Padded Archer Armor |
| 27:22 | Create | Villager (Male) |
| 27:40 | Create | Villager (Male) |
| 27:41 | Create | Villager (Male) |
| 28:29 | Create | Spearman |
| 28:29 | Create | Spearman |
| 29:08 | Create | Skirmisher ×5 |
| 29:30 | Create | Villager (Male) |
| 30:22 | Build | Archery Range |
| 30:22 | Build | Archery Range |
| 30:52 | Build | Archery Range |
| 30:56 | Create | Villager (Male) |
Match timeline
| 5:45 | flo_aoe2 · wall_segment Palisade Wall x9 |
| 6:15 | Skresh · wall_segment Palisade Wall x1 |
| 6:31 | flo_aoe2 · wall_segment Palisade Wall x8 |
| 6:49 | flo_aoe2 · wall_segment Palisade Wall x1 |
| 7:13 | flo_aoe2 · wall_segment Palisade Wall x1 |
| 8:24 | Rubenbauer · first_building Barracks |
| 8:28 | Rhamen · first_building Barracks |
| 9:11 | Rhamen · age_up feudal |
| 9:16 | Rubenbauer · age_up feudal |
| 9:26 | flo_aoe2 · first_building Barracks |
| 9:36 | Skresh · first_building Barracks |
| 9:38 | Skresh · age_up feudal |
| 9:56 | Rubenbauer · first_building Archery Range |
| 10:01 | flo_aoe2 · age_up feudal |
| 10:12 | flo_aoe2 · first_building Stable |
| 10:48 | Rubenbauer · wall_segment Palisade Wall x9 |
| 10:57 | Rhamen · wall_segment Palisade Wall x1 |
| 11:01 | Skresh · first_building Stable |
| 11:22 | Skresh · wall_segment Palisade Wall x1 |
| 11:26 | Skresh · wall_segment Palisade Wall x1 |
| 11:59 | Rubenbauer · wall_segment Palisade Wall x1 |
| 12:26 | Rhamen · first_building Archery Range |
| 16:48 | Rhamen · wall_segment Palisade Wall x2 |
| 16:54 | Rhamen · wall_segment Palisade Wall x1 |
| 17:25 | Rhamen · wall_segment Palisade Wall x1 |
| 17:28 | Rhamen · wall_segment Palisade Wall x1 |
| 19:45 | Skresh · age_up castle |
| 21:46 | flo_aoe2 · age_up castle |
| 22:16 | Skresh · wall_segment Palisade Wall x1 |
| 22:24 | Skresh · wall_segment Palisade Wall x1 |
| 22:50 | Rhamen · first_market_sell 100 wood |
| 22:56 | Rhamen · first_market_buy 100 stone |
| 23:52 | Rhamen · wall_segment Palisade Wall x2 |
| 23:56 | Rhamen · wall_segment Palisade Wall x6 |
| 24:40 | Rubenbauer · age_up castle |
| 25:32 | Skresh · first_building Siege Workshop |
| 27:23 | Rubenbauer · first_building Siege Workshop |
| 31:13 | flo_aoe2 · first_building Monastery |
| 31:15 | Skresh · wall_segment Palisade Wall x1 |
| 32:12 | Rhamen · wall_segment Palisade Wall x1 |
| 34:08 | Rhamen · resign |
[ AI ANALYSIS · 1 CREDIT ]
What really happened in this match?
Wolo.gg analyzes every decision: build order, eco, micro, common mistakes by bracket. Personalized analysis on WhatsApp or Discord in 30 seconds.
Civ guide
Franks
Map guide
Oasis
Perfil
flo_aoe2